 Dungeon Crawl Stone Soup version 0.26-a0-667-g92642533e4 (webtiles) character file.

Game seed: 8067220911792265202

1003 dolemite99 the Cutter (level 8, -1/67 HPs)
             Began as a Gnoll Chaos Knight on Oct 18, 2020.
             Was a Plaything of Xom.
             Killed from afar by an orc wizard (10 damage)
             ... with a magic dart
             ... on level 5 of the Dungeon.
             The game lasted 00:10:00 (5120 turns).

dolemite99 the Cutter (Gnoll Chaos Knight)          Turns: 5120, Time: 00:10:01

Health: -1/67      AC: 14    Str: 16    XL:     8   Next: 20%
Magic:  12/12      EV:  9    Int: 13    God:    Xom [*.....]
Gold:   239        SH:  0    Dex: 15    Spells: 13/13 levels left

rFire    . . .     SeeInvis .   a - +1 short sword (chaos)
rCold    . . .     Faith    .   (no shield)
rNeg     + . .     Spirit   .   o - +0 chain mail
rPois    .         Reflect  .   j - +2 hat
rElec    .         Harm     .   (no cloak)
rCorr    .         Rampage  .   (no gloves)
MR       .....                  i - +1 pair of boots
Stlth    ..........             (no amulet)
HPRegen  0.21/turn              g - ring of positive energy
MPRegen  0.13/turn              (no ring)

@: no status effects
A: distributed training, fangs 1, dopey 1, strong nose
a: Renounce Religion


You were on level 5 of the Dungeon.
You worshipped Xom.
You were a special plaything of Xom.
You visited 1 branch of the dungeon, and saw 5 of its levels.
You visited the Abyss 1 time.

You collected 239 gold pieces.

Inventory:

Hand Weapons
 a - a +1 short sword of chaos (weapon)
 r - a +0 whip of flaming
Missiles
 c - 73 arrows
 d - 167 stones
 q - 24 sling bullets
 s - 14 poisoned darts (quivered)
Armour
 h - a +0 hat
 i - a +1 pair of boots (worn)
 j - a +2 hat (worn)
 o - a +0 chain mail (worn)
Jewellery
 g - a ring of positive energy (left hand)
Wands
 e - a wand of random effects (20)
Scrolls
 b - a scroll of random uselessness
 f - 2 scrolls of amnesia
 l - a scroll of teleportation
 m - 3 scrolls of remove curse {@r2}
 p - a scroll of identify {@r1}
Potions
 k - a potion of haste {unknown}
 n - a potion of stabbing {unknown}
 t - 2 potions of magic


   Skills:
 + Level 7.3 Fighting
 + Level 7.3 Short Blades
 + Level 3.0 Long Blades
 + Level 3.0 Axes
 + Level 3.0 Maces & Flails
 + Level 3.0 Polearms
 + Level 3.0 Staves
 + Level 3.0 Slings
 + Level 3.0 Bows
 + Level 3.0 Crossbows
 + Level 3.0 Throwing
 + Level 5.5 Armour
 + Level 4.0 Dodging
 + Level 3.0 Stealth
 + Level 3.0 Shields
 + Level 3.0 Unarmed Combat
 + Level 3.0 Spellcasting
 + Level 2.4 Conjurations
 + Level 2.4 Hexes
 + Level 2.4 Summonings
 + Level 2.4 Necromancy
 + Level 2.4 Translocations
 + Level 2.4 Transmutations
 + Level 2.4 Fire Magic
 + Level 2.4 Ice Magic
 + Level 2.4 Air Magic
 + Level 2.4 Earth Magic
 + Level 2.4 Poison Magic
 + Level 3.3 Invocations
 + Level 3.0 Evocations


You had 13 spell levels left.
You didn't know any spells.
Your spell library was empty.

Dungeon Overview and Level Annotations

Branches:
Dungeon (5/15)
 Temple: D:4-7

Altars:
Fedhas
Xom
Zin

Annotations:
D:4 Grinder
Abyss:1 Eustachio


Innate Abilities, Weirdness & Mutations

Your experience applies equally to all skills.
You have very sharp teeth.
Your uncanny sense of smell can sniff out nearby items.
You are dopey. (Int -2)


Message History

The magic dart hits you but does no damage.
The orc closely misses you. Something hits you but does no damage.
The orc hits you but does no damage.
Things that are here:
a poisoned dart; a +0 robe; a +0 dagger You miss something.
Something hits you.
* * * LOW HITPOINT WARNING * * *
You blink.
Evoke which item? (* to show all) (? for menu, Esc to quit)
Aiming: Random Effects
Press: ? - help, Shift-Dir - straight line, f - orc
Aim: an orc, wielding a +0 trident (moderately wounded)
The fireball explodes!
The fireball engulfs the orc!
You kill the orc!
A puff of flame appears from out of thin air!
The puff of flame hits you but does no damage.
Found a scroll of remove curse.
A magic dart appears from out of thin air!
The magic dart hits you!
You die...

.....###...#....# ..
#...###........#
...#.......){.....#####
............(.........+
#........#.....#.....
##.......####### #...
...........### ## .#
##.....##..{.###.#...#.
......# #>##...@.......
...... ####...##.####.
...(.. ##.## # ......
...? ..# ##.... ..##..
..# #.? #..


There were no monsters in sight!

Vanquished Creatures
  Blork the orc (D:4)
  A howler monkey (D:4)
  2 orc priests
  An orc wizard (D:5)
  An iguana (D:4)
  A killer bee zombie (D:5)
  Robin (D:4)
  4 gnolls (D:3)
  An adder (D:3)
  2 worms (D:2)
  A dart slug (D:4)
  3 leopard geckos
  5 orcs
  6 ball pythons (D:3)
  4 giant cockroaches
  6 hobgoblins
  5 jackals
  A quokka (D:4)
  7 bats
  A frilled lizard (D:2)
  19 goblins
  7 kobolds
  10 rats
90 creatures vanquished.

Vanquished Creatures (collateral kills)
  Pikel (D:4)
  2 lemures (D:4)
3 creatures vanquished.

Vanquished Creatures (others)
  An ogre (D:4)
  An adder (D:4)
  3 plants (D:3)
5 creatures vanquished.

Grand Total: 98 creatures vanquished

Notes
Turn   | Place    | Note
-------+----------+-------------------------------------------
     0 | D:1      | dolemite99 the Gnoll Chaos Knight began the quest for the
                  | Orb.
     0 | D:1      | Reached XP level 1. HP: 23/23 MP: 1/1
    89 | D:1      | XOM: divination: detect items
   263 | D:1      | XOM is BORED!
   263 | D:1      | XOM: silly message
   276 | D:1      | Reached XP level 2. HP: 29/29 MP: 2/2
   424 | D:1      | XOM: divination: detect items
   722 | D:1      | XOM: divination: detect items
  1203 | D:2      | Reached XP level 3. HP: 35/35 MP: 3/3
  1414 | D:2      | Reached skill level 1 in Invocations
  1502 | D:2      | Found a glowing silver altar of Zin.
  1502 | D:2      | Found a blossoming altar of Fedhas.
  1674 | D:3      | XOM: cast spell 'Leda's Liquefaction'
  1684 | D:3      | XOM: butterfly on damage
  1685 | D:3      | Reached skill level 1 in Long Blades
  1685 | D:3      | Reached skill level 1 in Axes
  1685 | D:3      | Reached skill level 1 in Maces & Flails
  1685 | D:3      | Reached skill level 1 in Polearms
  1685 | D:3      | Reached skill level 1 in Staves
  1685 | D:3      | Reached skill level 1 in Slings
  1685 | D:3      | Reached skill level 1 in Bows
  1685 | D:3      | Reached skill level 1 in Crossbows
  1685 | D:3      | Reached skill level 1 in Throwing
  1685 | D:3      | Reached skill level 1 in Stealth
  1685 | D:3      | Reached skill level 1 in Shields
  1685 | D:3      | Reached skill level 1 in Unarmed Combat
  1685 | D:3      | Reached skill level 1 in Spellcasting
  1685 | D:3      | Reached skill level 1 in Evocations
  1694 | D:3      | Reached XP level 4. HP: 23/41 MP: 5/5
  1712 | D:3      | XOM: divination: detect items
  1935 | D:3      | Reached skill level 1 in Conjurations
  1935 | D:3      | Reached skill level 1 in Hexes
  1935 | D:3      | Reached skill level 1 in Summonings
  1935 | D:3      | Reached skill level 1 in Necromancy
  1935 | D:3      | Reached skill level 1 in Translocations
  1935 | D:3      | Reached skill level 1 in Transmutations
  1935 | D:3      | Reached skill level 1 in Fire Magic
  1935 | D:3      | Reached skill level 1 in Ice Magic
  1935 | D:3      | Reached skill level 1 in Air Magic
  1935 | D:3      | Reached skill level 1 in Earth Magic
  1935 | D:3      | Reached skill level 1 in Poison Magic
  1945 | D:3      | XOM: divination: detect creatures
  2688 | D:3      | Reached XP level 5. HP: 39/47 MP: 6/6
  3111 | D:3      | XOM: give mutation
  3111 | D:3      | Gained mutation: You are dopey. (Int -2) [Xom's mischief]
  3458 | D:4      | Noticed Eustachio
  3458 | D:4      | XOM: noise
  3459 | D:4      | Noticed Robin
  3502 | D:4      | Killed Robin
  3599 | D:4      | Noticed Pikel
  3599 | D:4      | Noticed a lemure
  3599 | D:4      | Noticed a lemure
  3599 | D:4      | Noticed a lemure
  3599 | D:4      | Noticed a lemure
  3681 | D:4      | XOM: 1-stop teleportation journey
  3712 | D:4      | XOM: enchant monster (good)
  3737 | D:4      | Killed a lemure
  3738 | D:4      | XOM: fog
  3741 | D:4      | Killed a lemure
  3760 | D:4      | Killed Pikel
  3760 | D:4      | Reached skill level 5 in Armour
  3760 | D:4      | Reached XP level 6. HP: 27/55 MP: 7/9
  3760 | D:4      | Reached XP level 7. HP: 30/60 MP: 7/10
  3778 | D:4      | XOM: divination: detect creatures
  4013 | D:4      | Banished Eustachio
  4084 | D:4      | XOM: scenery: create altars
  4222 | D:4      | Noticed Blork the orc
  4231 | D:4      | Killed Blork the orc
  4231 | D:4      | Reached XP level 8. HP: 67/67 MP: 12/12
  4243 | D:4      | Noticed Grinder
  4247 | D:4      | XOM: divine lightning
  4338 | D:4      | XOM: silly message
  4515 | D:4      | XOM: noise
  5054 | D:5      | Entered Level 5 of the Dungeon
  5099 | D:5      | Cast into level 1 of the Abyss (orc wizard)
  5099 | D:5      | Escaped the Abyss
  5099 | D:5      | XOM: revert banishment
  5120 | D:5      | Killed from afar by an orc wizard

Illustrated notes

Levels and vault maps discovered:
D:1:      giann_wishing_wells, layout_basic
D:2:      layout_rooms, gammafunk_temple_overflow_pools,
          corexii_item_surrounded_by_moat
D:3:      layout_basic, minmay_shallow_snake_nest
D:4:      layout_layer_cave, uniq_grinder, uniq_pikel, uniq_robin,
          uniq_eustachio, uniq_blork_the_orc
D:5:      layout_cave_pools, serial_shops, nicolae_shop_behind_doors,
          basic_altar, lemuel_angel_altar

Skill      XL: |  1  2  3  4  5  6  7  8 |
---------------+-------------------------+-----
Invocations    | 1 2 3 |  3.3
Long Blades    | 1 2 3 |  3.0
Axes           | 1 2 3 |  3.0
Maces & Flails | 1 2 3 |  3.0
Polearms       | 1 2 3 |  3.0
Staves         | 1 2 3 |  3.0
Slings         | 1 2 3 |  3.0
Bows           | 1 2 3 |  3.0
Crossbows      | 1 2 3 |  3.0
Throwing       | 1 2 3 |  3.0
Stealth        | 1 2 3 |  3.0
Shields        | 1 2 3 |  3.0
Unarmed Combat | 1 2 3 |  3.0
Spellcasting   | 1 2 3 |  3.0
Evocations     | 1 2 3 |  3.0
Conjurations   | 1 2 |  2.4
Hexes          | 1 2 |  2.4
Summonings     | 1 2 |  2.4
Necromancy     | 1 2 |  2.4
Translocations | 1 2 |  2.4
Transmutations | 1 2 |  2.4
Fire Magic     | 1 2 |  2.4
Ice Magic      | 1 2 |  2.4
Air Magic      | 1 2 |  2.4
Earth Magic    | 1 2 |  2.4
Poison Magic   | 1 2 |  2.4
Dodging        | 3 4 |  4.0
Fighting       | 7 |  7.3
Short Blades   | 7 |  7.3
Armour         | 5 |  5.5

Action                   |  1- 3 |  4- 6 |  7- 9 || total
-------------------------+-------+-------+-------++-------
Melee: Short sword       |    89 |   138 |    43 ||   270
       Bite              |     5 |    11 |     6 ||    22
       Punch             |       |       |     4 ||     4
Throw: Stone             |    95 |     9 |    18 ||   122
       Dart              |       |    15 |    20 ||    35
Evoke: Wand              |       |       |     1 ||     1
  Use: Scroll            |     6 |     5 |     1 ||    12
       Potion            |     2 |       |     1 ||     3
 Stab: Paralysed         |       |     1 |     1 ||     2
       Invisible         |       |       |     2 ||     2
Armor: Leather armour    |    23 |       |       ||    23
       Chain mail        |    21 |    65 |    29 ||   115
Dodge: Dodged            |    56 |    42 |    22 ||   120

Table legend: (Time is in decaauts)
 A = Elapsed time spent in this place.
 B = Non-inter-level travel time spent in this place.
 C = Inter-level travel time spent in this place.
 D = Time resting spent in this place.
 E = Time spent auto-exploring this place.
 F = Levels seen in this place.
 G = Mean time per level.
                   A        B        C        D        E       F      G
               +--------+--------+--------+--------+--------+-----+--------+
         Total |   5062 |   4908 |    154 |    896 |   2943 |   6 |  843.7 |
       Dungeon |   5062 |   4908 |    154 |    896 |   2943 |   5 | 1012.4 |
         Abyss |      0 |      0 |      0 |      0 |      0 |   1 |    0.0 |
               +--------+--------+--------+--------+--------+-----+--------+

Top non-repeatable levels by time:
     D:3: 1779 daAuts
     D:4: 1560 daAuts
     D:1: 946 daAuts
     D:2: 715 daAuts
     D:5: 60 daAuts
